 Dungeon Crawl Stone Soup version 0.26-a0-812-g31a745ddcd (webtiles) character file.

Game seed: 12862337792828036481

14258 kae the Martial Artist (level 12, -5/72 HPs)
             Began as a Tengu Transmuter on Nov 20, 2020.
             Was a Priest of Wu Jian.
             Slain by a yak (14 damage)
             ... on level 1 of the Lair of Beasts.
             The game lasted 00:19:08 (18372 turns).

kae the Martial Artist (Tengu Transmuter)          Turns: 18372, Time: 00:19:08

Health: -5/72      AC:  2    Str: 14 (15) XL:     12   Next: 14%
Magic:  12/20      EV: 24    Int: 14      God:    Wu Jian [***...]
Gold:   1463       SH:  0    Dex: 15      Spells: 8/21 levels left

rFire    x . .     SeeInvis .     - Unarmed
rCold    + . .     Faith    .   (shield currently unavailable)
rNeg     . . .     Spirit   .   i - +0 leather armour
rPois    .         Reflect  .   b - +0 hat
rElec    .         Harm     .   (no cloak)
rCorr    .         Rampage  .   (gloves currently unavailable)
MR       .....     Clarity  +   (boots unavailable)
Stlth    +.........             (no amulet)
HPRegen  0.22/turn              d - +4 ring of evasion
MPRegen  0.17/turn              l - ring of ice

@: blade hands (expiring), flying quickly and evasively, quick
A: beak, talons 3, clarity, deformed body, deterioration 1, screaming 1,
MP-powered wands, able to fly
a: Stop Flying, End Transformation, Wall Jump, Serpent's Lash, Renounce Religion


You were on level 1 of the Lair of Beasts.
You worshipped Wu Jian.
Wu Jian was most pleased with you.
You had blades for hands.
You visited 3 branches of the dungeon, and saw 13 of its levels.
You also visited: Sewer, Ossuary and Gauntlet.

You collected 1463 gold pieces.

Inventory:

Armour
 a - a +1 robe
 b - a +0 hat (worn)
 i - a +0 leather armour (worn)
 r - a +0 pair of gloves (melded)
Jewellery
 d - a +4 ring of evasion (left scythe-like blade)
 l - a ring of ice (right scythe-like blade)
 v - an uncursed ring of resist corrosion
Wands
 c - a wand of polymorph (10)
 p - a wand of iceblast (8)
 s - a wand of acid (19)
 t - a wand of enslavement (14)
 C - a wand of disintegration (23)
 F - a wand of random effects (17)
 I - a wand of paralysis (2)
Scrolls
 e - 4 scrolls of amnesia
 h - 9 scrolls of remove curse
 j - 3 scrolls of fog
 k - 9 scrolls of identify
 m - 2 scrolls of enchant armour
 n - 7 scrolls of teleportation
 u - 3 scrolls of blinking
 y - 2 scrolls of magic mapping
Potions
 f - 5 potions of curing
 g - a potion of brilliance
 q - 4 potions of heal wounds
 w - 3 potions of might
 x - 2 potions of magic
 z - a potion of berserk rage
 A - 2 potions of invisibility
 D - 2 potions of attraction
 E - 2 potions of mutation
 G - a potion of resistance
 H - 2 potions of lignification


   Skills:
 + Level 7.1 Fighting
 + Level 7.4 Armour
 + Level 7.9 Dodging
 + Level 10.7 Unarmed Combat
 - Level 5.0 Spellcasting
 * Level 9.0 Transmutations
 + Level 3.0 Evocations


You had 8 spell levels left.
You knew the following spells:

 Your Spells              Type           Power        Failure   Level
a - Beastly Appendage     Tmut           ####..       12%         1
b - Spider Form           Tmut/Pois      ###.......   45%         3
c - Blade Hands           Tmut           ####......   54%         5
d - Ice Form              Ice/Tmut       ###.....     75%         4

Your spell library contained the following spells:

 Spells                   Type           Power        Failure   Level
 Wereblood                Tmut           ####....     14%         2
 Sting                    Tmut/Pois      ###.         26%         1
 Ignite Poison            Fire/Tmut/Pois ##......     61%         3
 Animate Skeleton         Necr           #.....       63%         1
 Apportation              Tloc           #.....       63%         1
 Corona                   Hex            #......      63%         1
 Summon Small Mammal      Summ           #...         63%         1
 Poisonous Vapours        Pois/Air       #.....       73%         2
 Mephitic Cloud           Conj/Pois/Air  #.......     88%         3
 Olgreb's Toxic Radiance  Pois           #.......     99%         4


Dungeon Overview and Level Annotations

Branches:
Dungeon (11/15)            Temple (1/1) D:7            Lair (1/6) D:8
    Orc (0/2) D:11          Sewer (visited)         Ossuary (visited)
Gauntlet (visited)

Altars:
Ashenzari
Cheibriados
Dithmenos
Elyvilon
Fedhas
Gozag
Hepliaklqana
Kikubaaqudgha
Makhleb
Nemelex Xobeh
Okawaru
Qazlal
Ru
Sif Muna
Trog
Uskayaw
Vehumet
Wu Jian
Xom
Yredelemnul
Zin
The Shining One

Annotations:
D:3 3 runed translucent doors, p0werm0de's ghost, amateur GrFi
D:9 Erica


Innate Abilities, Weirdness & Mutations

You have a beak for a mouth.
You have claws for feet.
You can fly continuously.
You possess an exceptional clarity of mind.
Armour fits poorly on your strangely shaped body.
Your body sometimes deteriorates upon taking damage.
You occasionally shout uncontrollably at your foes.
You expend magic power (3 MP) to strengthen your wands.


Message History

Casting: Blade Hands (dangerous; 14% risk of failure)
Confirm with . or Enter, or press ? or * to list all spells.
Your hands turn into razor-sharp scythe blades.
Your +0 pair of gloves melds into your body.
The yak barely misses you. x2
The yak completely misses you. The yak gores you!
* * * LOW HITPOINT WARNING * * *
As you read the scroll of fear, it crumbles to dust.
You assume a fearsome visage.
The yak looks frightened! x4
The yak resists with some effort.
The yak looks frightened!
You lunge at the yak.
You slice the yak!!
Your attack snaps the yak out of its fear.
Your kick misses the yak.
The yak is severely wounded.
You see here a yak corpse.
You slice the yak!!
You kill the yak!
The Council accepts your kill. The yak gores you!
You die...

.......... .......#
.P....Y..#
...#+Y.#.#
.........##
......Y...#
.....Y..Y##
###.....Y.#
#......@## ..#
##....†.# ..#
##......# ..#
#####.......#
#.##P##.#.......#
#...............#
#...............##
#................#
##................#


You could see 6 yaks.

Vanquished Creatures
  An ogre mage (D:9)
  A hydra (Lair:1)
  2 two-headed ogres
  2 ugly things
  2 gargoyles
  2 centaur zombies
  A cane toad (Lair:1)
  A rime drake (Lair:1)
  A komodo dragon (Lair:1)
  2 trolls
  11 yaks
  Sigmund (D:4)
  A steam dragon (D:8)
  Menkaure (D:5)
  3 water moccasins
  5 orc warriors
  A hornet zombie (D:5)
  2 black bears
  2 ogres
  4 sky beasts
  A necrophage (D:11)
  2 ice beasts
  3 phantoms
  4 centaurs
  3 wolves (Lair:1)
  2 big kobolds
  9 bullfrogs
  7 scorpions
  5 wights (D:11)
  13 killer bees
  An electric eel (D:9)
  5 howler monkeys
  A quasit (D:6)
  2 bullfrog zombies
  A bullfrog skeleton (D:4)
  2 centaur skeletons
  3 jellies
  6 orc priests
  5 hounds
  9 orc wizards
  3 iguanas
  Ijyb (D:3)
  Natasha (thrice) (D:4)
  6 worker ants
  9 big kobold zombies (Ossuary)
  A hound skeleton (D:6)
  A mummy (Ossuary)
  2 worker ant zombies
  Robin (D:3)
  8 gnolls
  12 adders
  A river rat (D:9)
  2 white imps
  An ufetubus (D:7)
  2 oozes (Sewer)
  2 worm zombies (D:7)
  An adder skeleton (D:7)
  2 worms
  2 dart slugs
  8 leopard geckos
  53 orcs
  4 spectral bats (Ossuary)
  12 ball pythons
  6 bats
  5 giant cockroaches
  12 goblins
  10 hobgoblins
  18 jackals
  2 quokkas
  6 bat simulacra (Ossuary)
  10 frilled lizards
  A giant cockroach zombie (D:6)
  3 gnoll zombies (Ossuary)
  6 goblin zombies (Ossuary)
  3 hobgoblin zombies (Ossuary)
  A jackal skeleton (D:4)
  18 kobolds
  3 kobold simulacra (Ossuary)
  7 kobold zombies
  A leopard gecko skeleton (D:7)
  A leopard gecko zombie (D:7)
  3 orc zombies (Ossuary)
  2 quokka skeletons (D:6)
  33 rats
  2 rat simulacra (Ossuary)
  6 spectral goblins (Ossuary)
  2 spectral kobolds (Ossuary)
  5 spectral rats (Ossuary)
433 creatures vanquished.

Vanquished Creatures (others)
  Snorg (D:10)
  2 fungi (Lair:1)
  20 plants
23 creatures vanquished.

Grand Total: 456 creatures vanquished

Notes
Turn   | Place    | Note
-------+----------+-------------------------------------------
     0 | D:1      | kae the Tengu Transmuter began the quest for the Orb.
     0 | D:1      | Reached XP level 1. HP: 12/12 MP: 4/4
   128 | D:1      | Reached XP level 2. HP: 14/16 MP: 6/6
   686 | D:1      | Reached XP level 3. HP: 20/20 MP: 5/7
  1411 | D:2      | Reached skill level 1 in Armour
  1411 | D:2      | Reached skill level 4 in Unarmed Combat
  1411 | D:2      | Reached XP level 4. HP: 17/25 MP: 5/8
  1521 | D:2      | Learned a level 3 spell: Spider Form
  2115 | D:3      | Noticed Ijyb
  2155 | D:3      | Killed Ijyb
  2155 | D:3      | Gained mutation: You can fly continuously. [Tengu growth]
  2155 | D:3      | Reached XP level 5. HP: 30/30 MP: 4/9
  2280 | D:3      | Noticed Robin
  2290 | D:3      | Gained mutation: You expend magic power (3 MP) to
                  | strengthen your wands. [potion of mutation]
  2290 | D:3      | Gained mutation: You possess an exceptional clarity of
                  | mind. [potion of mutation]
  2489 | D:3      | Found a runed translucent gate.
  2489 | D:3      | Found a runed translucent gate.
  2489 | D:3      | Found a runed translucent gate.
  2690 | D:3      | Killed Robin
  3034 | D:3      | Noticed p0werm0de's ghost (amateur GrFi)
  3917 | D:4      | Noticed an ogre
  3961 | D:4      | Killed an ogre
  3961 | D:4      | Reached XP level 6. HP: 35/35 MP: 7/11
  4300 | D:4      | Noticed Natasha
  4305 | D:4      | Killed Natasha
  4305 | D:4      | Reached skill level 5 in Unarmed Combat
  4385 | D:4      | Noticed Natasha
  4394 | D:4      | Killed Natasha
  4468 | D:4      | Noticed Sigmund
  4483 | D:4      | Killed Sigmund
  4483 | D:4      | Reached XP level 7. HP: 21/40 MP: 9/12
  4692 | D:4      | Noticed Natasha
  4699 | D:4      | Killed Natasha
  4971 | D:5      | Entered Level 5 of the Dungeon
  5258 | D:5      | Reached XP level 8. HP: 46/46 MP: 12/14
  5269 | D:5      | Reached skill level 6 in Unarmed Combat
  5654 | D:5      | Found a glowing silver altar of Zin.
  5753 | D:5      | Noticed Menkaure
  6428 | D:6      | Found a shimmering altar of Xom.
  6428 | D:6      | Found a shimmering altar of Xom.
  6428 | D:6      | Found a shimmering altar of Xom.
  6428 | D:6      | Found a shimmering altar of Xom.
  6428 | D:6      | Found a shimmering altar of Xom.
  6429 | D:6      | Found a shimmering altar of Xom.
  6429 | D:6      | Found a shimmering altar of Xom.
  6501 | D:6      | Found a glowing drain.
  6525 | Sewer    | Entered a sewer
  7428 | D:6      | Noticed a gargoyle
  7454 | D:5      | Learned a level 5 spell: Blade Hands
  7929 | D:5      | Killed Menkaure
  7929 | D:5      | Reached skill level 7 in Unarmed Combat
  7929 | D:5      | Reached XP level 9. HP: 52/52 MP: 12/16
  7956 | D:5      | Learned a level 4 spell: Ice Form
  8033 | D:6      | Reached skill level 5 in Transmutations
  8620 | D:6      | Killed a gargoyle
  8620 | D:6      | Reached skill level 5 in Dodging
  8885 | D:7      | Found a sparkling altar of Nemelex Xobeh.
  8987 | D:7      | Found a sand-covered staircase.
  9181 | Ossuary  | Entered an ossuary
  9375 | Ossuary  | Reached skill level 8 in Unarmed Combat
 10134 | D:7      | Found a staircase to the Ecumenical Temple.
 10297 | D:7      | Reached XP level 10. HP: 44/58 MP: 18/18
 10479 | Temple   | Entered the Ecumenical Temple
 10673 | Temple   | Became a worshipper of the Wu Jian Council
 10733 | D:8      | Reached skill level 5 in Armour
 10851 | D:8      | Reached skill level 5 in Fighting
 10962 | D:8      | Reached skill level 5 in Spellcasting
 10994 | D:8      | Noticed a two-headed ogre
 11233 | D:8      | Killed a two-headed ogre
 11233 | D:8      | Reached skill level 9 in Unarmed Combat
 11330 | D:8      | Found a staircase to the Lair.
 12465 | D:8      | Identified a scroll of acquirement
 12465 | D:8      | Acquired 719 gold pieces
 12696 | D:9      | Reached * piety under Wu Jian
 13080 | D:9      | Noticed an ogre mage
 13149 | D:9      | Paralysed by an ogre mage for 3 turns
 13154 | D:9      | Noticed a white ugly thing
 13163 | D:9      | Killed an ogre mage
 13163 | D:9      | Reached XP level 11. HP: 64/64 MP: 11/19
 13194 | D:9      | Killed a white ugly thing
 13352 | D:9      | Noticed Erica
 13487 | D:9      | Noticed a two-headed ogre
 13515 | D:9      | Killed a two-headed ogre
 13515 | D:9      | Reached skill level 10 in Unarmed Combat
 13676 | D:9      | Found a glowing golden altar of the Shining One.
 14226 | D:10     | Entered Level 10 of the Dungeon
 14244 | D:10     | Killed Snorg
 14747 | D:10     | Found a glowing golden altar of the Shining One.
 14999 | D:11     | Found a gate leading to a gauntlet.
 15085 | D:11     | Reached ** piety under Wu Jian
 15138 | Gauntlet | Entered a Gauntlet
 15138 | Gauntlet | Found a transporter.
 15138 | Gauntlet | Noticed a sixfirhy
 15348 | Gauntlet | Found a transporter.
 15349 | Gauntlet | Found a transporter.
 15358 | Gauntlet | Found a transporter.
 15360 | Gauntlet | Found a transporter.
 15367 | Gauntlet | Noticed a dire elephant
 15368 | Gauntlet | Found a transporter.
 15390 | Gauntlet | Found a transporter.
 15391 | Gauntlet | Noticed a sixfirhy
 15395 | Gauntlet | Noticed a sixfirhy
 15399 | Gauntlet | Noticed a sixfirhy
 15400 | Gauntlet | Found a transporter.
 15402 | Gauntlet | Found a runed translucent door.
 15403 | Gauntlet | Noticed an obsidian statue
 15403 | Gauntlet | Noticed a sixfirhy
 15410 | Gauntlet | Found a transporter.
 15432 | Gauntlet | Found a transporter.
 15445 | Gauntlet | Found a transporter.
 15489 | Gauntlet | Found a runed translucent door.
 15492 | Gauntlet | Found a transporter.
 15509 | Gauntlet | Found a transporter.
 15566 | Gauntlet | Found a transporter.
 15713 | D:11     | Reached skill level 1 in Evocations
 16162 | D:11     | Found an ancient bone altar of Kikubaaqudgha.
 16239 | D:11     | Gained mutation: Your body sometimes deteriorates upon
                  | taking damage. [mutagenic glow]
 16259 | D:11     | Gained mutation: You occasionally shout uncontrollably at
                  | your foes. [mutagenic glow]
 16276 | D:11     | Reached *** piety under Wu Jian
 16290 | D:11     | Gained mutation: Armour fits poorly on your strangely
                  | shaped body. [mutagenic glow]
 16791 | D:11     | Found a staircase to the Orcish Mines.
 16938 | D:11     | Noticed a white ugly thing
 16952 | D:11     | Killed a white ugly thing
 17574 | Lair:1   | Entered Level 1 of the Lair of Beasts
 17937 | Lair:1   | Reached XP level 12. HP: 46/71 MP: 20/20
 18182 | Lair:1   | Noticed an eight-headed hydra
 18191 | Lair:1   | Killed an eight-headed hydra
 18372 | Lair:1   | Slain by a yak

Illustrated notes

Levels and vault maps discovered:
D:1:      onia_arrival_pyramid, layout_basic, kennysheep_minor_cross,
          columned_hall_lemuel
D:2:      layout_basic
D:3:      layout_basic, ebering_ghost_rock_garden, uniq_ijyb, uniq_robin
D:4:      layout_gridville, corexii_corridor_pit, uniq_sigmund, uniq_natasha
D:5:      layout_cave_pools, basic_altar, hangedman_abyss_or_decor_stagger,
          uniq_menkaure
D:6:      layout_basic, xom_redecorated, cheibrodos_sewer_entry_bend
D:7:      layout_basic, minmay_temple_entry_mini_moons, enter_ossuary_3,
          nemelex_dance_club_becter
D:8:      layout_basic, dpeg_oklobed_lair, lemuel_flamethrower_1
D:9:      layout_irregular_city, lemuel_doored_altar, kennysheep_island_fort,
          uniq_erica
D:10:     layout_roguey, basic_altar, lemuel_flamethrower_hall, uniq_snorg
D:11:     layout_roguey, hiddenorc1_lemuel, gauntlet_entry_generic, basic_altar
Temple:   regret_index_temple_chain_breaker
Lair:1:   layout_chaotic_city, grunt_forest_stairs_basic,
          nicolae_quartered_pool_super, st_stairs_9, lemuel_fruit_fields,
          serial_bayou_shore_a

Skill      XL: |  1  2  3  4  5  6  7  8  9 10 11 12 |
---------------+-------------------------------------+-----
Transmutations | 2 3 4 6 7 8 9 |  9.0
Armour         | 1 2 3 4 6 7 |  7.4
Unarmed Combat | 4 5 7 8 9 10 | 10.7
Dodging        | 3 4 5 6 7 |  7.9
Fighting       | 2 3 4 5 6 7 |  7.1
Spellcasting   | 3 4 5 |  5.0
Evocations     | 2 3 |  3.0

Action                   |  1- 3 |  4- 6 |  7- 9 | 10-12 || total
-------------------------+-------+-------+-------+-------++-------
Melee: Unarmed           |    78 |   172 |   582 |   573 ||  1405
       Kick              |    17 |    25 |   116 |   146 ||   304
       Peck              |    15 |    19 |    58 |    83 ||   175
       Headbutt          |     5 |    16 |    47 |    33 ||   101
       Punch             |       |     1 |    12 |    20 ||    33
 Cast: Beastly Appendage |    14 |    19 |    37 |    21 ||    91
       Spider Form       |       |     7 |    16 |     8 ||    31
       Blade Hands       |       |       |       |    11 ||    11
       Ice Form          |       |       |       |     1 ||     1
Invok: Lunge             |       |       |       |    34 ||    34
       Whirlwind         |       |       |       |     1 ||     1
 Abil: Fly               |       |     1 |       |       ||     1
Evoke: Wand              |       |       |       |    20 ||    20
  Use: Scroll            |     2 |     3 |    15 |     7 ||    27
       Potion            |       |     4 |     1 |       ||     5
 Stab: Sleeping          |     1 |     1 |     1 |     1 ||     4
       Paralysed         |       |       |       |    19 ||    19
Armor: Robe              |     9 |       |       |       ||     9
       Skin              |       |     3 |    32 |     3 ||    38
       Leather armour    |       |    16 |    53 |    30 ||    99
Dodge: Dodged            |    64 |   145 |   599 |   406 ||  1214

Table legend: (Time is in decaauts)
 A = Elapsed time spent in this place.
 B = Non-inter-level travel time spent in this place.
 C = Inter-level travel time spent in this place.
 D = Time resting spent in this place.
 E = Time spent auto-exploring this place.
 F = Levels seen in this place.
 G = Mean time per level.
                   A        B        C        D        E       F      G
               +--------+--------+--------+--------+--------+-----+--------+
         Total |  17607 |  16966 |    641 |   2392 |  11582 |  16 | 1100.4 |
       Dungeon |  15095 |  14543 |    552 |   2004 |  10114 |  11 | 1372.3 |
        Temple |    189 |    146 |     43 |      0 |    144 |   1 |  189.0 |
          Lair |    770 |    725 |     45 |     39 |    573 |   1 |  770.0 |
         Sewer |    389 |    389 |      0 |    103 |    148 |   1 |  389.0 |
       Ossuary |    662 |    662 |      0 |     44 |    399 |   1 |  662.0 |
      Gauntlet |    500 |    500 |      0 |    202 |    203 |   1 |  500.0 |
               +--------+--------+--------+--------+--------+-----+--------+

Top non-repeatable levels by time:
     D:8: 1673 daAuts
     D:9: 1671 daAuts
    D:11: 1636 daAuts
     D:4: 1579 daAuts
     D:3: 1555 daAuts
     D:6: 1529 daAuts
     D:5: 1431 daAuts
     D:1: 1331 daAuts
     D:7: 1023 daAuts
    D:10: 971 daAuts
  Lair:1: 770 daAuts
     D:2: 691 daAuts
 Ossuary: 662 daAuts
Gauntlet: 500 daAuts
   Sewer: 389 daAuts
